 Dungeon Crawl Stone Soup version 0.31-a0-237-g2d982f9f85 (webtiles) character file.

Game seed: 8399149900836967197

119 qw the Shooter (level 4, -4/36 HPs)
             Began as a Minotaur Hexslinger on July 10, 2023.
             Killed by divine providence
             ... invoked by an orc priest
              (12 damage)
             ... on level 3 of the Dungeon.
             The game lasted 00:00:52 (1777 turns).

qw the Shooter (Minotaur Hexslinger)                Turns: 1777, Time: 00:00:52

Health: -4/36      AC:  6    Str: 13    XL:     4   Next: 73%
Magic:  4/4        EV: 11    Int: 10    God:
Gold:   108        SH:  0    Dex: 14    Spells: 4/5 levels left

rFire   . . .        Y - +1 sling
rCold   . . .        (no shield)
rNeg    + . .        k - +0 ring mail
rPois   .            (helmet restricted)
rElec   .            (no cloak)
rCorr   .            d - +0 pair of gloves
SInv    .            (no boots)
Will    .....        (no amulet)
Stlth   +            h - ring of positive energy
HPRegen 0.26/turn    (no ring)
MPRegen 0.09/turn

%: no passive effects
@: no status effects
A: horns 2, retaliatory headbutt
a: no special abilities


You were on level 3 of the Dungeon.
You visited 1 branch of the dungeon, and saw 3 of its levels.

You collected 108 gold pieces.


Innate Abilities, Weirdness & Mutations

You have a pair of horns on your head.
You reflexively headbutt those who attack you in melee.


   Skills:
 + Level 2.2 Fighting
 - Level 5.0 Ranged Weapons
 - Level 1.1 Armour
 - Level 2.1 Dodging
 - Level 1.0 Spellcasting
 - Level 2.0 Hexes


You had 4 spell levels left.
You knew the following spells:

 Your Spells              Type           Power      Damage    Failure   Level
a - Slow                  Hex            16%        N/A       32%         1

Your spell library contained the following spells:

 Spells                   Type           Power      Damage    Failure   Level
 Inner Flame              Hex/Fire       2%         N/A       82%         3
 Portal Projectile        Hex/Tloc       4%         N/A       82%         3
 Cause Fear               Hex            2%         N/A       97%         4

Inventory:

Hand Weapons
 Y - a +1 sling (weapon)
Armour
 d - a +0 pair of gloves (worn)
 k - a +0 ring mail (worn)
Jewellery
 a - a ring of ice
 h - a ring of positive energy (left hand)
Scrolls
 b - a scroll of identify
Potions
 c - 2 potions of enlightenment {unknown}
 e - a potion of invisibility {unknown}
 f - a potion of berserk rage {unknown}
 i - a potion of magic {unknown}
 j - a potion of haste {unknown}
 l - a potion of resistance {unknown}

Dungeon Overview and Level Annotations

Branches:
Dungeon (3/15)

Altars:


Message History

The orc priest closely misses you.
You shoot a sling bullet.
The sling bullet closely misses the orc priest.
The orc hits you but does no damage.
The orc priest hits you with a +0 flail.
You shoot a sling bullet.
The sling bullet hits the orc priest but does no damage.
The orc priest is moderately wounded.
The orc misses you.
The orc priest hits you with a +0 flail.
The orc priest closely misses you. The orc barely misses you.
You furiously retaliate!
You headbutt the orc. You shoot a sling bullet. The sling bullet hits the orc.
You kill the orc!
The orc priest hits you with a +0 flail!
You shoot a sling bullet.
The sling bullet barely misses the orc priest.
The orc priest looks satisfied for a moment.
You shoot a sling bullet.
The sling bullet hits the orc priest but does no damage.
The orc priest is moderately wounded.
The orc priest closely misses you. The orc priest barely misses you.
You shoot a sling bullet.
The sling bullet barely misses the orc priest.
The orc priest invokes the aid of Beogh against you.
Beogh smites you!
You shoot a sling bullet. The sling bullet hits the orc priest.
The orc priest is heavily wounded.
The orc priest barely misses you.
You shoot a sling bullet. The sling bullet hits the orc priest.
The orc priest is heavily wounded.
The orc priest hits you but does no damage.
You shoot a sling bullet. The sling bullet hits the orc priest.
The orc priest is almost dead.
The orc priest barely misses you. The orc priest closely misses you.
You shoot a sling bullet.
The sling bullet barely misses the orc priest.
The orc priest invokes the aid of Beogh against you.
Beogh smites you!
You die...

#.####.#........#
#########......#........#
......)<.#######........#
.........# #.....###...#
.........# ##.#######...###
.........###........+......
..............#######.....#
...........#.###### #...#.#
.......>..@#....(.# #...#.#
.........)o######.###...#.#
#.......# #...'...#.#
#....(..# #####...#.#
#.......# #...#.# #.......#
##### #.......# #####'#..


You could see an orc priest.

Vanquished Creatures
  Terence (D:2)
  An adder (D:2)
  4 worms
  6 dart slugs
  An orc (D:3)
  5 ball pythons
  5 endoplasms
  4 goblins
  6 hobgoblins
  8 jackals (D:2)
  4 bats
  2 frilled lizards
  7 kobolds
  6 rats
60 creatures vanquished.

Notes
Turn   | Place    | Note
-------+----------+-------------------------------------------
     0 | D:1      | qw the Minotaur Hexslinger began the quest for the Orb.
     0 | D:1      | Reached XP level 1. HP: 16/16 MP: 1/1
     0 | D:1      | 0 ||| qw: Version: 0.3-a-52-g30416fa
     0 | D:1      | 0 ||| qw: Game counter: 5097
     0 | D:1      | 0 ||| qw: Melee chars always use a shield: true
     0 | D:1      | 0 ||| qw: God list: Okawaru
     0 | D:1      | 0 ||| qw: Allow faded altars: false
     0 | D:1      | 0 ||| qw: Do Orc after clearing Dungeon:15 true
     0 | D:1      | 0 ||| qw: Do second Lair branch before Depths: true
     0 | D:1      | 0 ||| qw: Lair rune preference: random
     0 | D:1      | 0 ||| qw: Goals: Normal
     0 | D:1      | 0 ||| PLANNING D:1-11
    10 | D:1      | 10 ||| FLEEEEING.
    11 | D:1      | 11 ||| FLEEEEING.
   201 | D:1      | Reached skill level 3 in Ranged Weapons
   201 | D:1      | Reached XP level 2. HP: 23/23 MP: 2/2
   695 | D:1      | Reached XP level 3. HP: 29/29 MP: 3/3
   837 | D:1      | 837 ||| UPGRADING to +0 leather armour.
   847 | D:1      | 847 ||| DROPPING +0 robe.
   848 | D:1      | 848 ||| READING scroll labelled KAULYEPN FOIFI.
   849 | D:1      | 849 ||| READING scroll labelled YSILOMI UNAAF.
   850 | D:1      | 850 ||| DROPPING scroll of poison.
   944 | D:2      | Reached skill level 4 in Ranged Weapons
  1103 | D:2      | Reached XP level 4. HP: 32/36 MP: 4/4
  1241 | D:2      | Noticed Terence
  1252 | D:2      | Killed Terence
  1253 | D:2      | Reached skill level 5 in Ranged Weapons
  1574 | D:2      | 1574 ||| UPGRADING to +0 pair of gloves.
  1579 | D:2      | 1579 ||| UPGRADING to +0 ring mail.
  1589 | D:2      | 1589 ||| DROPPING +0 leather armour.
  1590 | D:2      | 1590 ||| UPGRADING to ring of positive energy.
  1591 | D:2      | 1591 ||| DROPPING ring of wizardry.
  1592 | D:2      | 1592 ||| READING 2 scrolls labelled MOPEIM MANLO.
  1593 | D:2      | 1593 ||| READING 3 scrolls labelled KORRUT VAIDUD.
  1594 | D:2      | 1594 ||| READING 2 scrolls of identify.
  1594 | D:2      | 1594 ||| IDENTIFYING ruby potion
  1595 | D:2      | 1595 ||| DROPPING scroll of blinking.
  1596 | D:2      | 1596 ||| DROPPING potion of lignification.
  1630 | D:3      | 1630 ||| STAIRDANCE
  1714 | D:3      | Reached skill level 1 in Armour
  1773 | D:3      | HP: 6/36 [orc priest/divine providence (17)]
  1777 | D:3      | Killed from afar by an orc priest

Levels and vault maps discovered:
D:1:      dpeg_arrival_rooms_a, layout_basic, minmay_misc_feat_four_crosses
D:2:      layout_loops_ring, uniq_terence
D:3:      layout_basic

Skill      XL: |  1  2  3  4 |
---------------+-------------+-----
Ranged Weapons | 3 4 5 |  5.0
Fighting       | 2 |  2.2
Armour         | 1 |  1.1
Dodging        | |  2.1
Spellcasting   | |  1.0
Hexes          | |  2.0

Action                     |  1- 3 |  4- 6 || total
---------------------------+-------+-------++-------
   Fire: Sling             |   126 |    92 ||   218
    Use: Scroll            |     2 |     3 ||     5
 Armour: Leather armour    |     9 |     3 ||    12
         Robe              |     2 |       ||     2
         Ring mail         |       |    11 ||    11
  Dodge: Dodged            |    39 |    36 ||    75

Table legend:
 A = Non-vault XP
 B = Vault XP
 C = Vault XP percentage of total XP
 D = Non-vault monster count
 E = Vault monster count
 F = Vault count percentage of total count
                 A         B        C        D         E       F
            +---------+---------+-------+---------+---------+-------
      Total |     138 |      32 |  18.8 |      59 |       1 |   1.7
            +---------+---------+-------+---------+---------+-------
        D:1 |      45 |       0 |   0.0 |      23 |       0 |   0.0
        D:2 |      79 |      32 |  28.8 |      32 |       1 |   3.0
        D:3 |      14 |       0 |   0.0 |       4 |       0 |   0.0
            +---------+---------+-------+---------+---------+-------
